 Dungeon Crawl Stone Soup version 0.16.1-4-g8e1b745 (webtiles) character file.

2224 Zapata the Cleaver (level 9, -5/70 HPs)
             Began as a Minotaur Berserker on Mar 27, 2015.
             Was a High Priest of Trog.
             Shot with an arrow by a centaur (6 damage)
             ... on level 7 of the Dungeon.
             The game lasted 00:08:18 (5846 turns).

Zapata the Cleaver (Minotaur Berserker)             Turns: 5846, Time: 00:08:19

Health: -5/70      AC:  6    Str: 21    XL:     9   Next: 13%
Magic:  1/1        EV: 10    Int:  4    God:    Trog [*****.]
Gold:   260        SH:  0    Dex: 14    Spells: 0 memorised, 8 levels left

rFire  . . .     SeeInvis .     F - +1 battleaxe (antimagic) (curse)
rCold  . . .     Clarity  .     o - +0 scale mail
rNeg   . . .     SustAb   .     (no shield)
rPois  .         Gourm    .     (helmet restricted)
rElec  .         Spirit   .     (no cloak)
rCorr  .         Warding  .     (no gloves)
rMut   .         Rnd*Tele +     (no boots)
MR     .....                    (no amulet)
Stlth  ..........               A - ring of teleportation
                                (no ring)

@: not resistant to hostile enchantments, extremely unstealthy
A: retaliatory headbutt, horns 2
a: Burn Spellbooks, Berserk, Trog's Hand, Brothers in Arms, Renounce Religion,
Evoke Teleportation


You were on level 7 of the Dungeon.
You worshipped Trog.
Trog was extremely pleased with you.
You were not hungry.

You visited 1 branch of the dungeon, and saw 7 of its levels.

You collected 260 gold pieces.

Inventory:

Hand weapons
 a - a +0 hand axe
 q - a +0 hand crossbow
 F - a cursed +1 antimagic battleaxe (weapon)
Missiles
 t - 12 bolts
Armour
 j - a +2 large shield
 o - a +0 scale mail (worn)
 B - the +2 robe "Blanim" {rF- Dex+7, unknown}
   (You found it on level 7 of the Dungeon)

   It affects your dexterity (+7).
   It makes you vulnerable to fire.
Jewellery
 A - a ring of teleportation (right hand)
 D - an uncursed ring of stealth {unknown}
Magical devices
 c - a wand of magic darts (13)
 y - a wand of slowing (16)
Scrolls
 i - a scroll of enchant weapon {unknown}
 k - a scroll of immolation {unknown}
 m - a scroll of blinking {unknown}
 p - a scroll of fear {unknown}
 r - 2 scrolls of enchant armour {unknown}
 s - 8 scrolls of teleportation
 u - a scroll of magic mapping {unknown}
 v - 2 scrolls of recharging {unknown}
 z - a scroll of amnesia {unknown}
 E - a scroll of random uselessness {unknown}
 H - a scroll of noise {unknown}
Potions
 b - 2 potions of might {unknown}
 d - a potion of resistance
 e - a potion of lignification
 g - a potion of curing
 h - a potion of magic {unknown}
 l - a potion of restore abilities {unknown}
 w - a potion of agility {unknown}
 x - a potion of invisibility {unknown}
 C - a potion of mutation {unknown}
Comestibles
 f - 4 beef jerkies
 n - 3 meat rations
 G - a slice of pizza
 I - 2 chunks of flesh


   Skills:
 - Level 3.6 Fighting
 + Level 14.2 Axes
 - Level 2.4 Armour
 - Level 2.1 Dodging


You had 8 spell levels left.
You didn't know any spells.

Dungeon Overview and Level Annotations

Branches:
Dungeon (7/15)             Temple (0/1) D:6

Altars:
Ashenzari
Dithmenos
Fedhas
Makhleb
Trog


Innate Abilities, Weirdness & Mutations

You reflexively headbutt those who attack you in melee.
You have a pair of horns on your head.


Message History

This raw flesh tastes terrible.
You continue eating.
The centaur shouts!
The centaur wields a shortbow.
The centaur shoots an arrow.
The arrow closely misses you.
You continue eating.
The centaur shoots an arrow.
The arrow hits you!
* * * LOW HITPOINT WARNING * * *
Huge Dmg: -13%(-9hp) hp: 20%(14hp)
The centaur shoots an arrow.
The arrow hits you but does no damage.
You see here an arrow.
The centaur shoots an arrow.
The arrow hits you.
* * * LOW HITPOINT WARNING * * *
You see here an arrow.
Dmg: -2%(-2hp) hp: 18%(12hp) Unknown command.
The centaur shoots an arrow.
The arrow hits you!
* * * LOW HITPOINT WARNING * * *
The centaur shoots an arrow.
The arrow hits you.
You die...

[..###(# ###
#....# #.#
....... ..
....# #.>
....#... #.
....# #...
....# ##
#$###...#
#.## ....#
#......# #.#
..$..
#.....#(..#
..# ......
#.###.#.(.#
.#(
#.....#(.(##
#.....@.#
#.###...# #.
...$.#
...#...c#
... #..... .
#...#.#
......#
[.....## ...


You could see a centaur.

Vanquished Creatures
  The ghost of Zapata the Basher, an experienced KoBe of Trog (D:6)
  2 orc warriors (D:6)
  A phantom (D:6)
  A necrophage (D:6)
  A centaur (D:7)
  An ogre (D:4)
  A big kobold (D:7)
  A giant frog (D:5)
  A wyvern zombie (D:7)
  4 scorpions
  A crimson imp (D:7)
  2 giant frog zombies
  3 orc priests
  A giant frog skeleton (D:5)
  2 goliath beetles
  2 jellies
  3 orc wizards
  3 hounds
  3 worker ants
  Ijyb (D:2)
  Terence (D:2)
  A mummy (D:7)
  7 gnolls
  A worker ant zombie (D:7)
  12 adders
  2 giant mites
  A shadow imp (D:7)
  3 worms
  An adder skeleton (D:7)
  An adder zombie (D:5)
  4 oozes
  16 orcs
  9 bats
  A bat zombie (D:5)
  3 giant cockroaches
  11 goblins
  12 hobgoblins
  12 jackals
  10 kobolds
  6 giant geckos
  10 giant newts
  14 rats
173 creatures vanquished.

Notes
Turn   | Place    | Note
--------------------------------------------------------------
     0 | D:1      | Zapata, the Minotaur Berserker, began the quest for the Orb.
     0 | D:1      | Reached XP level 1. HP: 19/19 MP: 1/1
   122 | D:1      | Reached skill level 4 in Axes
   144 | D:1      | Reached XP level 2. HP: 10/26 MP: 1/1
   688 | D:1      | Acquired Trog's second power
   786 | D:1      | Reached skill level 5 in Axes
   804 | D:1      | Reached XP level 3. HP: 19/31 MP: 2/2
  1355 | D:2      | Noticed Terence
  1375 | D:2      | Killed Terence
  1524 | D:2      | Noticed Ijyb
  1532 | D:2      | Reached skill level 6 in Axes
  1532 | D:2      | Reached XP level 4. HP: 39/39 MP: 2/2
  1533 | D:2      | Killed Ijyb
  1957 | D:3      | Found a shattered altar of Ashenzari.
  2038 | D:3      | Reached skill level 7 in Axes
  2038 | D:3      | Reached XP level 5. HP: 45/45 MP: 2/2
  2069 | D:3      | Acquired Trog's third power
  2083 | D:3      | Found a bloodstained altar of Trog.
  2737 | D:4      | Reached skill level 8 in Axes
  2757 | D:4      | Reached XP level 6. HP: 51/51 MP: 3/3
  2826 | D:4      | Found a burning altar of Makhleb.
  2981 | D:4      | Reached skill level 9 in Axes
  3019 | D:5      | Entered Level 5 of the Dungeon
  3221 | D:5      | Reached XP level 7. HP: 48/57 MP: 3/3
  3230 | D:5      | Reached skill level 10 in Axes
  3547 | D:5      | Found a shadowy altar of Dithmenos.
  4022 | D:6      | Reached skill level 11 in Axes
  4065 | D:6      | Reached XP level 8. HP: 39/64 MP: 3/3
  4474 | D:6      | Noticed Zapata's ghost (experienced KoBe)
  4479 | D:6      | Killed Zapata's ghost
  4479 | D:6      | Reached skill level 12 in Axes
  4730 | D:6      | Reached skill level 13 in Axes
  4733 | D:6      | Received a gift from Trog
  4782 | D:6      | Found a blossoming altar of Fedhas.
  4791 | D:6      | Found a staircase to the Ecumenical Temple.
  5516 | D:7      | Got a faintly glowing robe
  5554 | D:7      | Reached XP level 9. HP: 36/70 MP: 1/4
  5744 | D:7      | Reached skill level 14 in Axes
  5846 | D:7      | HP: 1/70 [centaur/arrow (11)]
  5846 | D:7      | Shot with an arrow by a centaur

Action                   |  1- 3 |  4- 6 |  7- 9 || total
-------------------------+-------+-------+-------++-------
Melee: Hand axe          |   115 |   195 |   107 ||   417
       Battleaxe         |       |       |    55 ||    55
Invok: Berserk           |     1 |       |     7 ||     8
       Burn Spellbooks   |       |     1 |     1 ||     2
  Use: Scroll            |       |     6 |     1 ||     7
       Potion            |       |       |     1 ||     1
 Stab: Sleeping          |     1 |       |       ||     1
       Distracted        |       |       |     1 ||     1
  Eat: Chunk             |     2 |     5 |     4 ||    11
       Bread ration      |       |     1 |     2 ||     3
